 Dungeon Crawl Stone Soup version 0.28.0-53-g5a82cb258f (webtiles) character file.

Game seed: 2691672004611980079

623 Gabide the Ducker (level 7, -5/56 HPs)
             Began as a Human Monk on June 1, 2022.
             Slain by Pikel
             ... wielding a +2 whip of electrocution
              (13 damage)
             ... on level 4 of the Dungeon.
             The game lasted 00:06:00 (5553 turns).

Gabide the Ducker (Human Monk)                      Turns: 5553, Time: 00:06:01

Health: -5/56      AC:  8    Str: 11    XL:     7   Next: 75%
Magic:  7/7        EV: 12    Int: 13    God:
Gold:   106        SH:  0    Dex: 17    Spells: 6/6 levels left

rFire   . . .      SeeInvis .   f - +0 halberd
rCold   + . .      Faith    .   (shield currently unavailable)
rNeg    . . .      Spirit   .   k - +0 ring mail
rPois   .          Reflect  .   (no helmet)
rElec   .          Harm     .   (no cloak)
rCorr   .          Rampage  .   c - +0 pair of gloves
Will    .....                   (no boots)
Stlth   +.........              (no amulet)
HPRegen 0.18/turn               (no ring)
MPRegen 0.10/turn               (no ring)

@: about to teleport
A: iridescent scales 1, clever 1, cold resistance 1
a: no special abilities


You were on level 4 of the Dungeon.
You visited 1 branch of the dungeon, and saw 5 of its levels.

You collected 106 gold pieces.

Inventory:

Hand Weapons
 a - a +0 spear
 b - a +0 trident
 f - a +0 halberd (weapon)
Missiles
 l - 5 boomerangs (quivered)
Armour
 c - a +0 pair of gloves (worn)
 k - a +0 ring mail (worn)
Scrolls
 e - a scroll of magic mapping
 g - a scroll of identify
 h - a scroll of blinking
Potions
 m - a potion of curing


   Skills:
 + Level 5.4 Fighting
 + Level 5.3 Polearms
 + Level 5.4 Dodging
 - Level 2.0 Stealth


You had 6 spell levels left.
You didn't know any spells.
Your spell library contained the following spells:

 Spells                   Type           Power      Damage    Failure   Level
 Beastly Appendage        Tmut           0%         N/A       58%         1
 Wereblood                Tmut           0%         N/A       75%         2
 Ignite Poison            Fire/Tmut/Pois 0%         N/A       92%         3
 Mephitic Cloud           Conj/Pois/Air  0%         N/A       92%         3
 Spider Form              Tmut/Pois      0%         N/A       92%         3
 Freezing Cloud           Conj/Ice/Air   0%         6-21      100%        5


Dungeon Overview and Level Annotations

Branches:
Dungeon (5/15)
 Temple: D:4-7

Altars:
Trog

Shops:
D:1 *

Annotations:
D:4 Natasha, Pikel
D:5 Sigmund


Innate Abilities, Weirdness & Mutations

You are partially covered in iridescent scales. (AC +2)
Your mind is acute. (Int +2)
Your flesh is cold resistant. (rC+)


Message History

Pikel is lightly wounded.
Pikel misses you.
You barely miss Pikel.
Pikel is lightly wounded.
Pikel closely misses you.
You miss Pikel.
Pikel is lightly wounded.
Pikel closely misses you.
Pikel hits you with a +2 whip of electrocution.
You hit Pikel.
Pikel is lightly wounded.
Pikel barely misses you.
You hit Pikel.
Pikel is moderately wounded.
Pikel hits you but does no damage.
You are electrocuted!!
You are too injured to fight recklessly!
You are too injured to fight recklessly!
You are too injured to fight recklessly!
You are too injured to fight recklessly!
You are too injured to fight recklessly!
You are too injured to fight recklessly!
You are too injured to fight recklessly!
You are too injured to fight recklessly!
You are too injured to fight recklessly!
You are too injured to fight recklessly!
You are too injured to fight recklessly!
You are too injured to fight recklessly!
You are too injured to fight recklessly!
You are too injured to fight recklessly!
You are too injured to fight recklessly!
You are too injured to fight recklessly!
You are too injured to fight recklessly!
Pikel hits you with a +2 whip of electrocution.
* * * LOW HITPOINT WARNING * * *
As you read the scroll of teleportation, it crumbles to dust.
You feel strangely unstable.
Pikel hits you with a +2 whip of electrocution.
* * * LOW HITPOINT WARNING * * *
You are electrocuted!
You die...

#.# #.# #.# .. ##########
#........# #
#.#...##.######..#
#.....5...5K@....#
#.#...##.######.## #........#
##+## # ####5##### ##...## .
##.<.## ##.....## ### #
##.....## ##.......## ##.###
#.......###.........####.....
##.......K+.....55..)........
##........5..5.....####....#


You could see Pikel and 2 lemures.

Vanquished Creatures
  Eustachio (D:4)
  An ogre (D:5)
  A phantom (D:4)
  A bullfrog (D:2)
  2 hounds (D:5)
  An iguana (D:3)
  An orc wizard (D:5)
  6 gnolls
  3 adders
  2 worms (D:3)
  A dart slug (D:2)
  7 orcs
  5 ball pythons
  3 endoplasms
  A giant cockroach (D:3)
  3 goblins
  5 hobgoblins
  2 kobolds
  3 quokkas
  2 bats
  3 frilled lizards
  4 rats
58 creatures vanquished.

Vanquished Creatures (others)
  8 toadstools (D:4)
8 creatures vanquished.

Grand Total: 66 creatures vanquished

Notes
Turn   | Place    | Note
-------+----------+-------------------------------------------
     0 | D:1      | Gabide the Human Monk began the quest for the Orb.
     0 | D:1      | Reached XP level 1. HP: 18/18 MP: 1/1
   331 | D:1      | Reached XP level 2. HP: 21/24 MP: 2/2
   432 | D:1      | Found Dogrirr's General Store.
   951 | D:2      | Reached XP level 3. HP: 9/29 MP: 3/3
  2141 | D:3      | Reached XP level 4. HP: 26/35 MP: 4/4
  2181 | D:3      | Noticed a bullfrog
  2205 | D:2      | Killed a bullfrog
  2206 | D:2      | Reached XP level 5. HP: 13/42 MP: 5/5
  2926 | D:3      | Found a bloodstained altar of Trog.
  3444 | D:4      | Noticed Eustachio
  3483 | D:4      | Killed Eustachio
  3484 | D:4      | Reached XP level 6. HP: 4/49 MP: 6/6
  3877 | D:4      | Noticed Pikel
  4273 | D:4      | Reached XP level 7. HP: 9/55 MP: 7/7
  4532 | D:5      | Entered Level 5 of the Dungeon
  4539 | D:5      | Reached skill level 5 in Dodging
  4548 | D:5      | Reached skill level 5 in Fighting
  4578 | D:5      | Reached skill level 5 in Polearms
  5247 | D:5      | Noticed Sigmund
  5435 | D:4      | Noticed Natasha
  5541 | D:4      | Gained mutation: Your mind is acute. (Int +2) [potion of
                  | mutation]
  5541 | D:4      | Gained mutation: Your flesh is cold resistant. (rC+)
                  | [potion of mutation]
  5541 | D:4      | Gained mutation: You are partially covered in iridescent
                  | scales. (AC +2) [potion of mutation]
  5553 | D:4      | Slain by Pikel

Illustrated notes

Levels and vault maps discovered:
D:1:      ncdulo_halloftheorcs, layout_rooms, serial_shops, nicolae_square_shop
D:2:      layout_basic, serial_corexii_hall, corexii_hall_statues_x,
          corexii_hall_statues_x
D:3:      layout_rooms, trog_butcher_becter
D:4:      cheibrodos_fertilizer, layout_loops_corners,
          nicolae_hepliaklqana_hippocampus, st_stairs_14,
          guppyfry_early_lair_pool, uniq_natasha, uniq_pikel, uniq_eustachio
D:5:      layout_loops_cross, minmay_temple_entry_statues_pillars, uniq_edmund,
          uniq_crazy_yiuf_cottage, uniq_sigmund, uniq_blork_the_orc

Skill      XL: |  1  2  3  4  5  6  7 |
---------------+----------------------+-----
Dodging        | 4 5 |  5.4
Polearms       | 4 5 |  5.3
Fighting       | 4 5 |  5.4
Stealth        | |  2.0

Action                   |  1- 3 |  4- 6 |  7- 9 || total
-------------------------+-------+-------+-------++-------
Melee: Spear             |   102 |    50 |       ||   152
       Trident           |       |    94 |    46 ||   140
       Halberd           |       |       |    44 ||    44
Throw: Dart              |    17 |    10 |     9 ||    36
       Boomerang         |       |       |     2 ||     2
  Use: Scroll            |     3 |     3 |     2 ||     8
       Potion            |     1 |     1 |     3 ||     5
 Stab: Sleeping          |     7 |       |       ||     7
       Distracted        |     1 |       |       ||     1
Armor: Robe              |    11 |       |       ||    11
       Leather armour    |     1 |     3 |       ||     4
       Ring mail         |       |    89 |    27 ||   116
Dodge: Dodged            |    39 |   179 |    53 ||   271
